 Dungeon Crawl Stone Soup version 0.21.1-1-g345015fe64 (webtiles) character file.

117 PikkenKukken the Skirmisher (level 4, -5/40 HPs)
             Began as a Demonspawn Fighter on June 25, 2018.
             Killed by nerve-wracking pain
             ... invoked by Grinder
              (10 damage)
             ... while paralysed by Grinder
             ... on level 3 of the Dungeon.
             The game lasted 00:05:41 (2440 turns).

PikkenKukken the Skirmisher (Demonspawn Fighter)    Turns: 2440, Time: 00:05:42

Health: -5/40      AC: 10    Str: 22 (23) XL:     4   Next: 71%
Magic:  3/3        EV:  2    Int:  9      God:
Gold:   50         SH:  0    Dex: 11 (12) Spells: 3/3 levels left

rFire    . . .     SeeInvis .   a - +0 war axe
rCold    . . .     Gourm    .   c - +0 shield
rNeg     . . .     Faith    .   b - +0 scale mail
rPois    .         Spirit   .   (no helmet)
rElec    .         Reflect  .   (no cloak)
rCorr    .         Harm     .   e - +0 pair of gloves
MR       .....                  (no boots)
Stlth    ..........             (no amulet)
HPRegen  0.13/turn              (no ring)
MPRegen  0.08/turn              (no ring)

@: paralysed, mighty
A: iridescent scales 1, low mp 1, powered by death 1, robust 1
a: no special abilities


You were on level 3 of the Dungeon.
You were not hungry.

You visited 1 branch of the dungeon, and saw 3 of its levels.

You collected 50 gold pieces.

Inventory:

Hand Weapons
 a - a +0 war axe (weapon)
Armour
 b - a +0 scale mail (worn)
 c - a +0 shield (worn)
 e - a +0 pair of gloves (worn)
Jewellery
 i - an uncursed ring of ice {unknown}
Potions
 h - a potion of curing
Comestibles
 f - 5 rations
 g - 8 chunks of flesh


   Skills:
 + Level 3.8 Fighting
 + Level 2.6 Axes
 + Level 3.2 Armour
 - Level 0.1 Dodging
 + Level 3.4 Shields


You had 3 spell levels left.
You didn't know any spells.

Dungeon Overview and Level Annotations

Branches:
Dungeon (3/15)

Altars:
Sif Muna

Annotations:
D:3 Grinder


Innate Abilities, Weirdness & Mutations

You are partially covered in iridescent scales. (AC +2)
You regenerate a little health from kills.
Your magical capacity is low. (-10% MP)
You are robust. (+10% HP)


Message History

Found an escape hatch in the floor.
You see here a scroll of immolation.
Your shield prevents you from hitting Grinder.
Grinder is severely wounded.
Grinder hits you but does no damage. Grinder completely misses you.
You hit Grinder.
Grinder is severely wounded.
Grinder gestures at you.
You suddenly lose the ability to move!
Grinder hits you but does no damage. x2
Grinder gestures at you.
You shrug off the repeated paralysis!
Grinder gestures at you. Pain shoots through your body!
* * * LOW HITPOINT WARNING * * *
Grinder hits you but does no damage.
Grinder says, "FISH!"
Grinder gestures at you. Pain shoots through your body!
You die...

# ≈ ###. ##
#.#... .#
...>#.###.#
..!.....#.##
#.....@5.#
#>#.#<#.##
###.# .. ..#
.## .. .#


You could see Grinder.

Vanquished Creatures
  4 adders
  2 oozes
  A worm (D:2)
  A dart slug (D:1)
  2 leopard geckos
  4 giant cockroaches
  6 goblins
  9 hobgoblins
  8 jackals
  2 quokkas (D:2)
  5 bats
  4 frilled lizards
  8 kobolds (D:1)
  4 rats (D:1)
60 creatures vanquished.

Notes
Turn   | Place    | Note
-------+----------+-------------------------------------------
     0 | D:1      | PikkenKukken the Demonspawn Fighter began the quest for the Orb.
     0 | D:1      | Reached XP level 1. HP: 18/18 MP: 1/1
   313 | D:1      | Gained mutation: You are partially covered in iridescent scales. (AC +2) [demonic ancestry]
   313 | D:1      | Reached XP level 2. HP: 24/24 MP: 2/2
   627 | D:1      | Reached XP level 3. HP: 20/29 MP: 3/3
  1164 | D:2      | Gained mutation: Your magical capacity is low. (-10% MP) [potion of mutation]
  1164 | D:2      | Gained mutation: You are robust. (+10% HP) [potion of mutation]
  1549 | D:2      | Gained mutation: You regenerate a little health from kills. [demonic ancestry]
  1549 | D:2      | Reached XP level 4. HP: 39/40 MP: 3/3
  1946 | D:2      | Found a deep blue altar of Sif Muna.
  2422 | D:3      | Noticed Grinder
  2434 | D:3      | Paralysed by Grinder for 7 turns
  2440 | D:3      | Killed from afar by Grinder

Skill      XL: |  1  2  3 |
---------------+----------+-----
Shields        | 3 |  3.4
Axes           | 2 |  2.6
Armour         | 3 |  3.2
Fighting       | |  3.8
Dodging        | |  0.1

Action                   |  1- 3 |  4- 6 || total
-------------------------+-------+-------++-------
Melee: War axe           |   180 |    78 ||   258
  Use: Potion            |     7 |     1 ||     8
       Scroll            |     2 |     4 ||     6
  Eat: Chunk             |     2 |     1 ||     3
       Ration            |       |     1 ||     1
Armor: Scale mail        |   121 |    36 ||   157
Dodge: Dodged            |    66 |    27 ||    93
Block: Shield            |   103 |    38 ||   141
